 Dungeon Crawl Stone Soup version 0.31.0-12-g77e489cdc1 (webtiles) character file.

Game seed: 18365812038977926232

207360 DildoBatman the Earth Mage (level 19, -10/146 HPs)
             Began as a Formicid Conjurer on Feb 18, 2024.
             Was an Initiate of Gozag.
             Mangled by a redback (22 damage)
             ... on level 3 of the Spider Nest on Feb 20, 2024.
             The game lasted 03:39:31 (48620 turns).

DildoBatman the Earth Mage (Formicid Conjurer)     Turns: 48620, Time: 03:39:32

Health: -10/146    AC: 12    Str: 14    XL:     19   Next: 46%
Magic:  31/31      EV: 19    Int: 44    God:    Gozag
Gold:   9382       SH: 17    Dex:  8    Spells: 24/42 levels left

rFire   + . .        w - +2 spear "Joqoqe" {venom, rPois Int+6 Dex-2}
rCold   + . .        m - +0 tower shield
rNeg    . . .        B - +2 robe {rC+ rF+}
rPois   +            (helmet unavailable)
rElec   +            U - +0 cloak
rCorr   .            R - +1 pair of gloves
SInv    +            u - +2 pair of boots
Will    .....        r - amulet of Ruitwuut {Harm rElec Will- Regen+ Int+8}
Stlth   ++           X - +4 ring of protection
HPRegen 1.24/turn    F - +5 ring of evasion
MPRegen 0.22/turn

%: harm (+30% outgoing, +20% incoming)
@: corroded, studying Throwing
A: permanent stasis, dig shafts and tunnels, antennae 3, four strong arms,
clever 1, low MP 1, strong 1, MP-powered wands
}: 1/15 runes: barnacled
a: Dig, Shaft Self, Renounce Religion, Potion Petition, Call Merchant, Bribe
Branch


You were on level 3 of the Spider Nest.
You worshipped Gozag.
Gozag was greatly pleased with you.
You visited 6 branches of the dungeon, and saw 31 of its levels.
You also visited: Gauntlet and Volcano.

You collected 10635 gold pieces.
You paid 1253 gold pieces to Gozag.

Inventory:

Hand Weapons
 c - a +4 shortbow of electrocution
 e - the +6 dagger "Ant's Curse" {flame, rPois rF+}
   (You found it in a Gauntlet)

   rF+:       It protects you from fire.
   rPois:     It protects you from poison
 f - the +3 trident "Ravithryj" {freeze, rC+ rN++ Dex+2}
   (You took it off a spriggan on level 9 of the Dungeon)

   Dex+2:     It affects your dexterity (+2).
   rC+:       It protects you from cold.
   rN++:      It greatly protects you from negative energy.
 w - the +2 spear "Joqoqe" (weapon) {venom, rPois Int+6 Dex-2}
   (You found it on level 10 of the Dungeon)

   Int+6:     It affects your intelligence (+6).
   Dex-2:     It affects your dexterity (-2).
   rPois:     It protects you from poison
Missiles
 a - 4 javelins
 b - 5 throwing nets
 G - 6 silver javelins (quivered)
Armour
 m - a +0 tower shield (worn)
 u - a +2 pair of boots (worn)
 B - a +2 robe of resistance (worn)
 R - a +1 pair of gloves (worn)
 U - a +0 cloak (worn)
Magical Staves
 C - a staff of earth
Jewellery
 d - a +6 ring of intelligence
 j - an amulet of reflection
 r - the amulet of Ruitwuut (around neck) {Harm rElec Will- Regen+ Int+8}
   (You found it in a Gauntlet)

   [amulet of regeneration]

   Int+8:     It affects your intelligence (+8).
   rElec:     It insulates you from electricity.
   Will-:     It decreases your willpower.
   Regen+:    It increases your rate of health regeneration.
   Harm:      It increases damage dealt and taken.
 t - a +6 ring of intelligence
 y - the ring of Elyvilon's Pride {rPois Will+ Int+3}
   (You found it on level 2 of the Lair of Beasts)

   [ring of willpower]

   Int+3:     It affects your intelligence (+3).
   rPois:     It protects you from poison Will+: It increases your willpower.
 z - a ring of willpower
 F - a +5 ring of evasion (right hand)
 H - a ring of flight
 I - the necklace of Bloodlust {Fury *Rage Will++ Int-3 Slay+6}
   (You found it on level 7 of the Dungeon)

   [amulet of nothing]

   Fury:      It extends the wearer's berserk rage when killing foes.
   Int-3:     It affects your intelligence (-3).
   Slay+6:    It affects your accuracy & damage with ranged weapons and melee
   (+6).
   Will++:    It greatly increases your willpower.
   *Rage:     It berserks you when you make melee attacks (+50% chance).
 O - a ring of protection from fire
 W - a ring of resist corrosion
 X - a +4 ring of protection (left hand)
 Z - a ring of protection from cold
Wands
 J - a wand of mindburst (8)
 K - a wand of iceblast (10)
 P - a wand of quicksilver (9)
Scrolls
 x - 3 scrolls of immolation
 D - 4 scrolls of poison
 E - 2 scrolls of fear
 S - 2 scrolls of identify
 T - 2 scrolls of fog
 V - 2 scrolls of enchant armour
 Y - a scroll of silence
Potions
 g - 3 potions of resistance
 h - 7 potions of curing
 n - a potion of enlightenment
 o - 3 potions of brilliance
 p - a potion of invisibility
 q - 4 potions of cancellation
 s - a potion of magic
 v - a potion of might
 Q - 4 potions of ambrosia
Miscellaneous
 i - a phantom mirror
 L - a sack of spiders
 M - a lightning rod (4/4)
 N - a phial of floods


   Skills:
 * Level 12.1 Fighting
 * Level 12.1 Armour
 - Level 15.0 Dodging
 - Level 3.0 Stealth
 - Level 15.0 Shields
 - Level 12.0 Spellcasting
 - Level 6.0 Conjurations
 - Level 15.0 Necromancy
 * Level 3.5 Air Magic
 - Level 17.0 Earth Magic
 * Level 5.8 Alchemy


You had 24 spell levels left.
You knew the following spells:

 Your Spells              Type           Power      Damage    Failure   Level
a - Borgnjor's Vile Clut  Necr/Erth      52%        N/A       1%          5
b - Cigotuvi's Dreadful   Necr/Alch/Air  100%       N/A       1%          2
c - Searing Ray           Conj           100%       2d8       1%          2
e - Mephitic Cloud        Conj/Alch/Air  63%        N/A       1%          3
h - Dispel Undead         Necr           100%       3d31      1%          4
z - Sublimation of Blood  Necr           100%       N/A       0%          2

Your spell library contained the following spells:

 Spells                   Type           Power      Damage    Failure   Level
 Necrotise                Necr           100%       1d9       0%          1
 Foxfire                  Conj/Fire      100%       2x1d9     1%          1
 Magic Dart               Conj           100%       1d8       1%          1
 Shock                    Conj/Air       100%       1d9       1%          1
 Sting                    Conj/Alch      100%       1d9       1%          1
 Mercury Vapours          Alch/Air       100%       N/A       1%          2
 Static Discharge         Conj/Air       100%       3-8/arc   1%          2
 Anguish                  Hex/Necr       37%        N/A       1%          4
 Martyr's Knell           Necr/Summ      75%        N/A       1%          4
 Curse of Agony           Necr           100%       N/A       1%          5
 Death Channel            Necr           51%        N/A       1%          6
 Dazzling Flash           Conj/Hex       100%       N/A       3%          3
 Hailstorm                Conj/Ice       51%        3d10      3%          3
 Fulminant Prism          Conj/Alch      34%        3d15      3%          4
 Olgreb's Toxic Radiance  Alch           67%        N/A       3%          4
 Summon Small Mammal      Summ           100%       N/A       4%          1
 Airstrike                Air            27%        2d(4-20)  10%         4
 Irradiate                Conj/Alch      34%        3d23      11%         5
 Call Canine Familiar     Summ           26%        N/A       12%         3
 Inner Flame              Hex/Fire       26%        N/A       12%         3
 Summon Ice Beast         Ice/Summ       26%        N/A       12%         3
 Volatile Blastmotes      Fire/Tloc      52%        2d14      12%         3
 Flame Wave               Conj/Fire      51%        2d13      12%         4
 Iskenderun's Mystic Bla  Conj/Tloc      51%        2d11      12%         4
 Sticky Flame             Fire/Alch      51%        2d9       13%         4
 Summon Lightning Spire   Summ/Air       41%        N/A       21%         4
 Fireball                 Conj/Fire      25%        3d11      32%         5
 Cause Fear               Hex            13%        N/A       38%         4
 Summon Blazeheart Golem  Fire/Summ      26%        N/A       38%         4
 Silence                  Hex/Air        20%        N/A       50%         5
 Summon Forest            Summ/Tloc      13%        N/A       75%         5
 Summon Mana Viper        Hex/Summ       26%        N/A       75%         5
 Starburst                Conj/Fire      25%        6d8       88%         6
 Sculpt Simulacrum        Ice/Alch       25%        N/A       89%         6
 Plasma Beam              Fire/Air       20%        2x1d32    97%         6
 Summon Cactus Giant      Summ           13%        N/A       99%         6
 Ignition                 Fire           13%        3d6       100%        8
 Maxwell's Capacitive Co  Air            27%        ∞         100%        8
 Dragon's Call            Summ           13%        N/A       100%        9
 Animate Dead             Necr           Unusable   N/A       N/A         4
 Swiftness                Air            Unusable   N/A       N/A         3

Dungeon Overview and Level Annotations

Branches:
Dungeon (15/15)            Temple (1/1) D:6            Lair (5/5) D:8
 Shoals (4/4) Lair:2       Spider (4/4) Lair:3        Slime (0/5) Lair:5
    Orc (2/2) D:12            Elf (0/3) Orc:2        Vaults (0/5) D:13
 Depths (0/4) D:15        Volcano (visited)         Gauntlet (visited)

Altars:
Ashenzari
Cheibriados
Dithmenos
Elyvilon
Fedhas
Gozag
Hepliaklqana
Kikubaaqudgha
Makhleb
Nemelex Xobeh
Okawaru
Qazlal
Ru
Sif Muna
Trog
Uskayaw
Vehumet
Wu Jian
Xom
Yredelemnul
Zin
The Shining One
Jiyva

Shops:
D:3 (   D:5 =   Orc:2 *(!:   Shoals:3 (

Portals:
Trove: D:13 (give 11 potions of heal wounds)

Annotations:
Lair:4 3 runed translucent doors, Kuerar's ghost, journeyman BaFi
Shoals:1 3 runed translucent doors, Heezod's ghost, journeyman MiBe
Shoals:3 1 runed translucent door


Innate Abilities, Weirdness & Mutations

You cannot be hasted, slowed, berserked, paralysed or teleported.
You can dig through walls and to a lower floor.
You have a pair of large antennae on your head. (SInv)
Your four strong arms can wield two-handed weapons with a shield.
Your mind is acute. (Int +4, Str/Dex -1)
Your magical capacity is low. (-10% MP)
Your muscles are strong. (Str +4, Int/Dex -1)
You expend magic power (3 MP) to strengthen your wands.


Message History

You block the culicivora's attack. The redback bites you!
You block the entropy weaver's attack. x3
The entropy weaver closely misses you. The culicivora barely misses you.
The culicivora bites you!!
The culicivora draws strength from your injuries!
The entropy weaver attacks as it pursues you!
The entropy weaver hits you.
You block the entropy weaver's attack. x2
The entropy weaver hits you but does no damage.
The redback barely misses you. The culicivora misses you.
The entropy weaver gestures at you while chanting.
The entropic weave corrodes you! The redback bites you!
The entropy weaver attacks as it pursues you!
You block the entropy weaver's attack.
The entropy weaver completely misses you.
The entropy weaver hits you!
The entropy weaver completely misses you.
Why would you want to do that?
The culicivora rages.
The redback attacks as it pursues you! The redback bites you!
The entropy weaver attacks as it pursues you!
The entropy weaver completely misses you.
You block the entropy weaver's attack. The entropy weaver hits you.
The entropy weaver barely misses you. The redback bites you!
As you read the scroll of fear, it crumbles to dust.
You assume a fearsome visage.
The entropy weaver resists with almost no effort.
The culicivora is unaffected.
The moth of wrath looks frightened!
The redback is unaffected.
The redback bites you!!
You die...
Your body crumbles into a pile of gold.

^#..^#..#^........##..#.#≈≈##.?..
####.#..#...#......#.[##≈######~.
##~~^#..##.....######## ###
##~##.#~...........## #
#######^....>^...≈≈#
#....y.^..#### ##.#.s#^###
#≈~~Bs### ##~#~@≈# ####~## ###


You could see an entropy weaver, a moth of wrath (fleeing), a culicivora
(berserk) and a redback (berserk).

Vanquished Creatures
  A titan (Shoals:4)
  Polyphemus (Shoals:2)
  3 krakens
  Gastronok (Lair:2)
  Aizul (Shoals:2)
  3 emperor scorpions
  2 ghost moths
  Louise (D:15)
  A quicksilver ooze (Gauntlet)
  2 broodmothers (Spider:1)
  A minotaur (Gauntlet)
  A dire elephant (D:15)
  A red draconian (Volcano)
  3 spark wasps
  Snorg (D:12)
  3 merfolk javelineers (Shoals:4)
  2 fire dragons
  12 merfolk impalers
  2 entropy weavers
  Harold (D:9)
  2 jorogumos
  4 hydras (Lair:5)
  An ogre mage (Volcano)
  Fannar (Lair:2)
  2 radroaches
  A catoblepas (Shoals:2)
  2 alligator snapping turtles
  Erolcha (D:12)
  3 merfolk avatars
  Erica (D:10)
  11 two-headed ogres
  A death knight (D:8)
  4 centaur warriors
  2 death yaks (Shoals:2)
  4 tengu warriors
  A merfolk aquamancer (Shoals:1)
  6 boulder beetles
  An occultist (D:15)
  7 demonic crawlers
  Nergalle (Lair:2)
  5 pharaoh ants
  12 sea snakes
  A goliath frog (Lair:5)
  4 skysharks
  Lodul (D:13)
  The ghost of lis82 the Frost Mage, a novice DgIE (D:9)
  3 sun moths
  4 orb spiders
  2 arcanists (D:13)
  2 deep trolls (D:7)
  8 steelbarb worms
  A harpy (shapeshifter) (D:8)
  21 harpies
  3 deep elf pyromancers
  2 deep elf zephyrmancers (D:13)
  4 orc knights
  3 oklob plants (Lair:5)
  A lindwurm (Lair:5)
  2 orc sorcerers
  9 wolf spiders
  12 fauns
  A salamander (D:15)
  14 manticores
  4 cyclopes
  9 ugly things
  A moth of wrath (Spider:2)
  5 merfolk sirens
  19 elephants
  7 kobold blastminers
  3 meliai (D:14)
  11 water nymphs
  5 black mambas
  A molten gargoyle (Lair:3)
  Maggie (Lair:2)
  A gargoyle (D:13)
  2 torpor snails
  23 cane toads
  An efreet (D:8)
  2 unseen horrors
  13 komodo dragons
  3 kobold demonologists (D:13)
  2 rime drakes
  A freezing wraith (D:15)
  A tengu conjurer (D:15)
  10 merfolk
  6 polar bears
  4 trolls
  A tyrant leech (Lair:4)
  17 tarantellas
  28 blink frogs
  11 wind drakes
  10 snapping turtles
  10 slime creatures
  3 spriggans (D:9)
  25 yaks
  2 vampires
  16 culicivoras
  9 air elementals (Shoals:4)
  A shadow (D:9)
  18 water elementals
  18 jumping spiders
  9 wyverns
  A warg (Orc:1)
  A fire elemental (Lair:3)
  2 wraiths
  Grum (D:8)
  3 basilisks
  A steam dragon (D:8)
  7 vampire mosquitoes
  47 redbacks
  3 acid dragons
  14 water moccasins
  35 orc warriors
  8 black bears
  5 sky beasts
  12 ogres
  2 ice beasts (D:7)
  An elephant zombie (D:8)
  12 wolves
  20 centaurs
  A phantom (D:6)
  8 kobold brigands
  2 gnoll sergeants
  17 bullfrogs
  5 scorpions
  A water moccasin zombie (Lair:1)
  4 wights (D:9)
  13 killer bees
  11 howler monkeys
  A wolf zombie (D:8)
  6 electric eels
  A bombardier beetle (D:4)
  6 hounds
  5 jellies
  10 orc priests
  3 sleepcaps
  2 gnoll boudas (D:6)
  8 iguanas
  24 orc wizards
  A killer bee zombie (D:10)
  A sky beast zombie (D:6)
  Robin (D:3)
  17 gnolls
  8 adders
  A steam dragon zombie (D:8)
  A shadow imp (D:5)
  3 white imps
  3 ufetubi (D:8)
  2 orc zombies
  5 ribbon worms
  3 dart slugs (D:1)
  61 orcs
  7 ball pythons
  4 bats
  6 endoplasms
  8 giant cockroaches
  16 goblins
  15 hobgoblins
  3 jackals (D:2)
  23 kobolds
  5 quokkas
  2 frilled lizards (D:1)
  3 kobold zombies
  5 rats
  9 tentacles
1044 creatures vanquished.

Vanquished Creatures (others)
  A skyshark (Shoals:1)
  2 yaks (Lair:1)
  2 orc wizards (Orc:1)
  63 tentacles
68 creatures vanquished.

Grand Total: 1112 creatures vanquished

Notes
Turn   | Place    | Note
-------+----------+-------------------------------------------
     0 | D:1      | DildoBatman the Formicid Conjurer began the quest for the
                  | Orb.
     0 | D:1      | Reached XP level 1. HP: 13/13 MP: 3/3
    89 | D:1      | Reached XP level 2. HP: 20/20 MP: 0/5
    92 | D:1      | Learned a level 2 spell: Searing Ray
   423 | D:1      | Reached XP level 3. HP: 25/25 MP: 6/6
   647 | D:1      | Reached skill level 1 in Fighting
   863 | D:1      | Reached skill level 1 in Armour
  1430 | D:2      | Reached XP level 4. HP: 28/32 MP: 7/7
  1539 | D:2      | Reached skill level 1 in Shields
  1979 | D:2      | Found a faded altar of an unknown god.
  2363 | D:3      | Reached XP level 5. HP: 37/37 MP: 6/9
  2442 | D:3      | Found Qevvai's Weapon Boutique.
  2628 | D:3      | Identified the +4 spear of Puiptapn {protect, rPois Str-2
                  | Dex+3}
  2668 | D:3      | Found a shadowy altar of Dithmenos.
  2671 | D:3      | Found a sacrificial altar of Ru.
  2676 | D:3      | Found a bloodstained altar of Trog.
  2679 | D:3      | Found a snail-covered altar of Cheibriados.
  3345 | D:4      | Reached XP level 6. HP: 30/44 MP: 5/10
  3591 | D:4      | Reached XP level 7. HP: 51/51 MP: 8/12
  3931 | D:5      | Entered Level 5 of the Dungeon
  4246 | D:6      | Reached XP level 8. HP: 60/60 MP: 9/14
  4288 | D:6      | Reached skill level 5 in Conjurations
  4733 | D:6      | Found a staircase to the Ecumenical Temple.
  4739 | Temple   | Found a transporter.
  4739 | Temple   | Found a transporter.
  4739 | Temple   | Found a transporter.
  4739 | Temple   | Found a transporter.
  4739 | Temple   | Entered the Ecumenical Temple
  4784 | Temple   | Became a worshipper of Kikubaaqudgha
  4916 | D:3      | Noticed Robin
  4962 | D:3      | Killed Robin
  5048 | D:5      | Reached skill level 5 in Spellcasting
  5104 | D:5      | Found Umnuatee's Jewellery Shop.
  5313 | D:5      | Reached skill level 5 in Fighting
  5332 | D:5      | Reached * piety under Kikubaaqudgha
  5332 | D:5      | Received a gift from Kikubaaqudgha
  5333 | D:5      | Reached skill level 5 in Armour
  5334 | D:5      | Reached XP level 9. HP: 68/68 MP: 8/17
  5775 | D:6      | Reached ** piety under Kikubaaqudgha
  6120 | D:6      | Learned a level 2 spell: Sublimation of Blood
  6123 | D:6      | Learned a level 2 spell: Cigotuvi's Dreadful Rot
  6183 | D:7      | Noticed a deep troll
  6265 | D:7      | Reached skill level 1 in Necromancy
  6268 | D:7      | Reached XP level 10. HP: 77/79 MP: 10/19
  7626 | D:8      | Reached *** piety under Kikubaaqudgha
  7626 | D:8      | Received a gift from Kikubaaqudgha
  7641 | D:7      | Fell from the grace of Kikubaaqudgha
  7762 | Temple   | Became a worshipper of Gozag Ym Sagoz the Greedy
  8632 | D:8      | Found a staircase to the Lair.
  8685 | D:8      | Reached skill level 5 in Necromancy
  8888 | D:8      | Reached XP level 11. HP: 89/89 MP: 16/20
  9051 | D:8      | Noticed Grum
  9173 | D:8      | Killed Grum
  9324 | D:8      | Noticed a tengu warrior
  9324 | D:8      | Noticed a manticore
  9459 | D:8      | Learned a level 5 spell: Borgnjor's Vile Clutch
  9634 | D:9      | Found a burning altar of Makhleb.
  9634 | D:9      | Found a sparkling altar of Nemelex Xobeh.
  9707 | D:9      | Reached skill level 1 in Earth Magic
  9805 | D:9      | Found an ornate altar of the Wu Jian Council.
 10030 | D:9      | Noticed Harold
 10238 | D:10     | Entered Level 10 of the Dungeon
 10622 | D:10     | Reached skill level 2 in Earth Magic
 10623 | D:10     | Reached skill level 10 in Fighting
 10802 | D:10     | Identified the +2 spear "Joqoqe" {venom, rPois Int+6 Dex-2}
 10817 | D:10     | Found a broken altar of Ashenzari.
 10822 | D:10     | Found a stormy altar of Qazlal.
 11231 | D:10     | Reached skill level 10 in Armour
 11601 | D:10     | Reached skill level 3 in Earth Magic
 11698 | D:10     | Noticed Erica
 12301 | D:8      | Gained mutation: You expend magic power (3 MP) to
                  | strengthen your wands. [potion of mutation]
 12301 | D:8      | Gained mutation: You possess an exceptional clarity of
                  | mind. [potion of mutation]
 12302 | D:8      | Lost mutation: You expend magic power (3 MP) to strengthen
                  | your wands. [potion of mutation]
 12302 | D:8      | Lost mutation: You possess an exceptional clarity of mind.
                  | [potion of mutation]
 12302 | D:8      | Gained mutation: You are covered in fur. (AC +1) [potion of
                  | mutation]
 12302 | D:8      | Gained mutation: You expend magic power (3 MP) to
                  | strengthen your wands. [potion of mutation]
 12303 | D:8      | Lost mutation: You are covered in fur. (AC +1) [potion of
                  | mutation]
 12303 | D:8      | Lost mutation: You expend magic power (3 MP) to strengthen
                  | your wands. [potion of mutation]
 12303 | D:8      | Gained mutation: You expend magic power (3 MP) to
                  | strengthen your wands. [potion of mutation]
 12303 | D:8      | Gained mutation: You are covered in fur. (AC +1) [potion of
                  | mutation]
 12306 | Lair:1   | Entered Level 1 of the Lair of Beasts
 12610 | Lair:1   | Reached skill level 4 in Earth Magic
 12882 | Lair:1   | Reached XP level 12. HP: 90/92 MP: 11/22
 13494 | Lair:1   | Reached skill level 5 in Dodging
 13494 | Lair:1   | Reached skill level 5 in Earth Magic
 14121 | Lair:1   | Reached skill level 6 in Earth Magic
 14732 | D:8      | Reached skill level 7 in Earth Magic
 15070 | D:8      | Reached skill level 8 in Earth Magic
 15535 | Lair:2   | Noticed Maggie
 15567 | Lair:2   | Was forgiven by Kikubaaqudgha
 15646 | Lair:2   | Reached skill level 9 in Earth Magic
 15861 | Lair:2   | Noticed Gastronok
 16124 | Lair:2   | Reached skill level 10 in Earth Magic
 16210 | Lair:2   | Noticed Nergalle
 16295 | D:7      | Noticed a deep troll
 16335 | D:7      | Killed a deep troll
 16434 | D:7      | Killed a deep troll
 16435 | D:7      | Reached skill level 11 in Earth Magic
 16445 | D:7      | Found the necklace of Bloodlust {Fury *Rage Will++ Int-3
                  | Slay+6}
 16533 | D:8      | Found a runed translucent door.
 16535 | D:8      | Noticed a death knight
 16535 | D:8      | Noticed a centaur warrior
 16602 | D:9      | Killed Harold
 16603 | D:9      | Reached XP level 13. HP: 69/101 MP: 13/23
 16639 | D:9      | Found a runed translucent door.
 16641 | D:9      | Noticed lis82's ghost (novice DgIE)
 16645 | D:9      | Identified the +3 trident "Ravithryj" {freeze, rC+ rN++
                  | Dex+2}
 16789 | D:10     | Killed Erica
 17245 | Lair:2   | Noticed Fannar
 17267 | Lair:2   | Killed Fannar
 17328 | Lair:2   | Killed Gastronok
 17400 | Lair:2   | Noticed a fire dragon
 17532 | Lair:2   | Killed Nergalle
 17533 | Lair:2   | Reached skill level 12 in Earth Magic
 17601 | Lair:2   | Killed Maggie
 17609 | Lair:2   | Found a staircase to the Shoals.
 17730 | Lair:2   | Killed a fire dragon
 17750 | Lair:2   | Found the +7 sceptre of Torment {pain, torment}
 17760 | Lair:2   | Identified the ring of Elyvilon's Pride {rPois Will+ Int+3}
 18315 | Lair:3   | Found a hole to the Spider Nest.
 18788 | Lair:3   | Reached skill level 10 in Necromancy
 18968 | Lair:3   | Reached skill level 13 in Earth Magic
 19742 | Lair:4   | Reached XP level 14. HP: 28/110 MP: 9/26
 19985 | Lair:4   | Found a runed translucent gate.
 19986 | Lair:4   | Found a runed translucent gate.
 19986 | Lair:4   | Noticed an azure jelly
 19987 | Lair:4   | Found a runed translucent gate.
 19987 | Lair:4   | Noticed an azure jelly
 19988 | Lair:4   | Noticed an acid blob
 19988 | Lair:4   | Noticed an azure jelly
 19988 | Lair:4   | Noticed an azure jelly
 19988 | Lair:4   | Noticed an acid blob
 19988 | Lair:4   | Noticed Kuerar's ghost (journeyman BaFi)
 19988 | Lair:4   | Noticed a quicksilver ooze
 19988 | Lair:4   | Noticed an azure jelly
 19988 | Lair:4   | Noticed an azure jelly
 19988 | Lair:4   | Noticed an acid blob
 19988 | Lair:4   | Noticed an azure jelly
 19989 | Lair:4   | Noticed an azure jelly
 19989 | Lair:4   | Noticed an acid blob
 19990 | Lair:4   | Noticed an azure jelly
 19990 | Lair:4   | Noticed a quicksilver ooze
 19995 | Lair:4   | Found a viscous altar of Jiyva.
 20376 | Lair:5   | Entered Level 5 of the Lair of Beasts
 20396 | Lair:5   | Reached skill level 14 in Earth Magic
 20594 | Lair:5   | Found a dark tunnel.
 20659 | Volcano  | Entered a volcano
 20986 | Volcano  | Noticed a red draconian
 21067 | Volcano  | Killed a red draconian
 21071 | Volcano  | Found a radiant altar of Vehumet.
 21924 | Lair:5   | Found a staircase to the Slime Pits.
 22169 | Lair:5   | Reached skill level 10 in Spellcasting
 22822 | Lair:5   | Reached XP level 15. HP: 41/115 MP: 13/29
 23502 | Lair:5   | Reached skill level 5 in Shields
 25158 | D:12     | Noticed Snorg
 25169 | D:12     | Killed Snorg
 25354 | D:12     | Identified the +9 flail "Ocyby" {flame, +Blink rElec Int-2
                  | SInv}
 25384 | D:12     | Found a gate leading to a gauntlet.
 25401 | Gauntlet | Entered a Gauntlet
 25401 | Gauntlet | Found a large runed translucent door.
 25401 | Gauntlet | Found a large runed translucent door.
 25401 | Gauntlet | Found a large runed translucent door.
 25401 | Gauntlet | Found a large runed translucent door.
 25401 | Gauntlet | Found a large runed translucent door.
 25401 | Gauntlet | Found a large runed translucent door.
 25401 | Gauntlet | Found a runed translucent door.
 25401 | Gauntlet | Found a transporter.
 25401 | Gauntlet | Found a runed translucent door.
 25401 | Gauntlet | Found a large runed translucent door.
 25401 | Gauntlet | Found a large runed translucent door.
 25401 | Gauntlet | Found a large runed translucent door.
 25401 | Gauntlet | Found a large runed translucent door.
 25401 | Gauntlet | Found a large runed translucent door.
 25401 | Gauntlet | Found a large runed translucent door.
 25402 | Gauntlet | Found a large runed translucent door.
 25402 | Gauntlet | Found a large runed translucent door.
 25402 | Gauntlet | Found a large runed translucent door.
 25402 | Gauntlet | Found a large runed translucent door.
 25407 | Gauntlet | Noticed a quicksilver ooze
 25408 | Gauntlet | Found a runed translucent door.
 25410 | Gauntlet | Found a runed translucent gate.
 25410 | Gauntlet | Found a runed translucent gate.
 25410 | Gauntlet | Found a transporter.
 25410 | Gauntlet | Found a runed translucent gate.
 25412 | Gauntlet | Found a runed translucent door.
 25422 | Gauntlet | Found a transporter.
 25426 | Gauntlet | Found a transporter.
 25432 | Gauntlet | Noticed a quicksilver ooze
 25442 | Gauntlet | Found a transporter.
 25456 | Gauntlet | Found a transporter.
 25469 | Gauntlet | Found a transporter.
 25491 | Gauntlet | Found a transporter.
 25493 | Gauntlet | Found a transporter.
 25501 | Gauntlet | Found a transporter.
 25531 | Gauntlet | Found a transporter.
 25531 | Gauntlet | Found a transporter.
 25963 | Gauntlet | Lost mutation: You are covered in fur. (AC +1) [potion of
                  | mutation]
 25963 | Gauntlet | Lost mutation: You expend magic power (3 MP) to strengthen
                  | your wands. [potion of mutation]
 25963 | Gauntlet | Gained mutation: Your body sometimes deteriorates upon
                  | taking damage. [potion of mutation]
 25963 | Gauntlet | Gained mutation: You have sharp fingernails. [potion of
                  | mutation]
 25963 | Gauntlet | Gained mutation: You are agile. (Dex +4, Str/Int -1)
                  | [potion of mutation]
 25963 | Gauntlet | Gained mutation: You have sharp toenails. [potion of
                  | mutation]
 25964 | Gauntlet | Lost mutation: You are agile. (Dex +4, Str/Int -1) [potion
                  | of mutation]
 25964 | Gauntlet | Lost mutation: You have sharp fingernails. [potion of
                  | mutation]
 25964 | Gauntlet | Gained mutation: You expend magic power (3 MP) to
                  | strengthen your wands. [potion of mutation]
 25965 | Gauntlet | Lost mutation: Your body sometimes deteriorates upon taking
                  | damage. [potion of mutation]
 25965 | Gauntlet | Lost mutation: You expend magic power (3 MP) to strengthen
                  | your wands. [potion of mutation]
 25965 | Gauntlet | Lost mutation: You have sharp toenails. [potion of
                  | mutation]
 25965 | Gauntlet | Gained mutation: Your movements are slightly less
                  | encumbered by armour. (ER -2) [potion of mutation]
 25965 | Gauntlet | Gained mutation: You are weak. (Str -2) [potion of
                  | mutation]
 25965 | Gauntlet | Gained mutation: You have large cloven feet. [potion of
                  | mutation]
 26002 | Gauntlet | Identified the amulet of Ruitwuut {Harm rElec Will- Regen+
                  | Int+8}
 26051 | Gauntlet | Identified the ring "Cearon" {rPois rN+++ EV+5 Str-4 Dex-5}
 26081 | Gauntlet | HP: 1/106 [drowned by a quicksilver ooze (7)]
 26111 | Gauntlet | Killed a quicksilver ooze
 26381 | Gauntlet | Identified the +6 dagger "Ant's Curse" {flame, rPois rF+}
 26802 | D:12     | Noticed Erolcha
 26835 | D:12     | Killed Erolcha
 27168 | D:12     | Found a staircase to the Orcish Mines.
 27758 | Orc:1    | Entered Level 1 of the Orcish Mines
 27895 | Orc:2    | Entered Level 2 of the Orcish Mines
 28990 | Orc:2    | Found a staircase to the Elven Halls.
 29216 | Orc:2    | Found Cyif's Distillery.
 29216 | Orc:2    | Found Neilius's Antique Weapon Boutique.
 29218 | Orc:2    | Found Ixkeidao's Assorted Antiques.
 29220 | Orc:2    | Found Qayfer's Book Shoppe.
 29714 | D:12     | Learned a level 3 spell: Mephitic Cloud
 29887 | D:13     | Reached skill level 1 in Alchemy
 30143 | D:13     | Found a portal to a secret trove of treasure.
 30196 | D:13     | Reached skill level 1 in Air Magic
 30196 | D:13     | Reached XP level 16. HP: 84/127 MP: 25/30
 30199 | D:13     | Noticed Lodul
 30213 | D:13     | Killed Lodul
 30331 | D:13     | Found a gate to the Vaults.
 30377 | D:13     | Found a white marble altar of Elyvilon.
 30957 | D:14     | Identified the +7 mace of the Dozen Stars {flame, Dex+3
                  | Stlth+}
 31150 | D:14     | Found a shadowy altar of Dithmenos.
 31614 | D:15     | Entered Level 15 of the Dungeon
 31680 | D:15     | Found a staircase to the Depths.
 31991 | D:15     | Noticed Louise
 31994 | D:15     | Reached skill level 5 in Alchemy
 33356 | D:15     | Killed Louise
 33621 | D:15     | Reached skill level 10 in Shields
 33705 | D:15     | Identified the -1 pair of boots of the Arcane {rPois Str+3
                  | Dex-3 Stlth+}
 34383 | Spider:1 | Entered Level 1 of the Spider Nest
 35450 | Spider:1 | Learned a level 4 spell: Dispel Undead
 35658 | D:9      | Killed lis82's ghost
 35775 | D:8      | Reached XP level 17. HP: 55/133 MP: 26/31
 36010 | D:8      | Identified the +5 quarterstaff "Utues" {antimagic, Str+2}
 37029 | Spider:2 | Reached skill level 15 in Shields
 37188 | Spider:2 | Reached skill level 10 in Dodging
 37980 | Spider:2 | Identified 2 scrolls of acquirement
 38965 | Shoals:1 | Entered Level 1 of the Shoals
 39554 | Shoals:1 | Noticed a kraken
 40237 | Shoals:1 | Found a runed translucent gate.
 40237 | Shoals:1 | Found a runed translucent gate.
 40237 | Shoals:1 | Found a runed translucent gate.
 40896 | Shoals:1 | Noticed Heezod's ghost (journeyman MiBe)
 40897 | Shoals:1 | Identified the +0 plate armour of Adghut {Int+4 Stlth+}
 40937 | Shoals:1 | Found the +7 captain's cutlass {speed, disarm}
 41010 | Shoals:1 | Killed a kraken
 41664 | Shoals:2 | Reached XP level 18. HP: 122/140 MP: 22/32
 41685 | Shoals:2 | Noticed Polyphemus
 41716 | Shoals:2 | Killed Polyphemus
 41880 | Shoals:2 | Lost mutation: Your movements are slightly less encumbered
                  | by armour. (ER -2) [potion of mutation]
 41880 | Shoals:2 | Lost mutation: You are weak. (Str -2) [potion of mutation]
 41880 | Shoals:2 | Gained mutation: Armour fits poorly on your strangely
                  | shaped body. [potion of mutation]
 41880 | Shoals:2 | Gained mutation: Your muscles are strong. (Str +4, Int/Dex
                  | -1) [potion of mutation]
 41880 | Shoals:2 | Gained mutation: You are robust. (+10% HP) [potion of
                  | mutation]
 41880 | Shoals:2 | Gained mutation: Your mind is acute. (Int +4, Str/Dex -1)
                  | [potion of mutation]
 41881 | Shoals:2 | Lost mutation: You are robust. (+10% HP) [potion of
                  | mutation]
 41881 | Shoals:2 | Lost mutation: You have large cloven feet. [potion of
                  | mutation]
 41881 | Shoals:2 | Lost mutation: Armour fits poorly on your strangely shaped
                  | body. [potion of mutation]
 41881 | Shoals:2 | Gained mutation: You occasionally lose the ability to drink
                  | potions when taking damage. [potion of mutation]
 41881 | Shoals:2 | Gained mutation: You are covered in fur. (AC +1) [potion of
                  | mutation]
 41881 | Shoals:2 | Gained mutation: Your flesh is cold resistant. (rC+)
                  | [potion of mutation]
 41882 | Shoals:2 | Lost mutation: Your flesh is cold resistant. (rC+) [potion
                  | of mutation]
 41882 | Shoals:2 | Lost mutation: Your mind is acute. (Int +4, Str/Dex -1)
                  | [potion of mutation]
 41882 | Shoals:2 | Lost mutation: You are covered in fur. (AC +1) [potion of
                  | mutation]
 41882 | Shoals:2 | Gained mutation: You are frail. (-10% HP) [potion of
                  | mutation]
 41882 | Shoals:2 | Gained mutation: You expend magic power (3 MP) to
                  | strengthen your wands. [potion of mutation]
 41883 | Shoals:2 | Lost mutation: You are frail. (-10% HP) [potion of
                  | mutation]
 41883 | Shoals:2 | Lost mutation: You occasionally lose the ability to drink
                  | potions when taking damage. [potion of mutation]
 41883 | Shoals:2 | Gained mutation: Your magical capacity is low. (-10% MP)
                  | [potion of mutation]
 41883 | Shoals:2 | Gained mutation: Your mind is acute. (Int +4, Str/Dex -1)
                  | [potion of mutation]
 42100 | Shoals:2 | Identified the serpent talisman "Botysoa" {rElec rF+++
                  | Int+2 Dex-5}
 42100 | Shoals:2 | Noticed Aizul
 42115 | Shoals:2 | Killed Aizul
 42681 | Shoals:3 | Noticed a kraken
 42962 | Shoals:3 | Found Qainwibe's Weapon Boutique.
 43020 | Shoals:3 | Killed a kraken
 43344 | Shoals:3 | Noticed a kraken
 43365 | Shoals:3 | Killed a kraken
 43388 | Shoals:3 | Reached skill level 15 in Dodging
 43888 | Shoals:3 | Found a runed translucent door.
 43889 | Shoals:3 | Identified the ring "Qedonuomn" {+Blink Will+ Str+2}
 43915 | Shoals:4 | Entered Level 4 of the Shoals
 44461 | Shoals:4 | Reached skill level 15 in Earth Magic
 44572 | Shoals:4 | Identified the +3 halberd of Lelyarhe {vamp, ^Drain rF++
                  | rCorr}
 45884 | Shoals:4 | Reached XP level 19. HP: 125/146 MP: 26/31
 45884 | Shoals:4 | Noticed a titan
 45909 | Shoals:4 | Killed a titan
 46128 | Shoals:4 | Got a barnacled rune of Zot
 46130 | Shoals:4 | Identified the staff of Nenu Hem {rC+ Stlth+ Conj Tloc Ice}
 47357 | Spider:2 | Reached skill level 16 in Earth Magic
 47895 | Spider:3 | Reached skill level 15 in Necromancy
 48172 | Spider:3 | Reached skill level 17 in Earth Magic
 48524 | Spider:4 | Entered Level 4 of the Spider Nest
 48620 | Spider:3 | Mangled by a redback

Illustrated notes

Levels and vault maps discovered:
D:1:      onia_arrival_pentagram, layout_loops_corners
D:2:      layout_basic, basic_ecumenical_altar
D:3:      layout_loops_corners, grunt_temple_overflow_cloverleaf, serial_shops,
          nicolae_square_shop, nicolae_hexahallways, uniq_robin
D:4:      minmay_evil_eye, layout_basic, hangedman_feature_mirror
D:5:      layout_loops_ring, serial_shops, shop_statue
D:6:      minmay_chambers_of_threes, layout_basic, temple_green, minivault_4
D:7:      layout_basic, hellmonk_guarded_unrand_vitality_bloodlust
D:8:      minmay_gate_of_8, layout_cave_pods, minmay_lair_entry_grove,
          serial_ice, serial_ice_n, serial_ice_d, serial_ice_c, serial_ice_o,
          uniq_grum
D:9:      layout_roguey, amcnicky_altar_gilded,
          gammafunk_temple_overflow_elements, ebering_ghost_funeral_grove,
          uniq_harold
D:10:     layout_cave_pods, cheibrodos_ashenzari_chains, general_overflow_altar,
          uniq_erica
D:11:     layout_loops_ring, nrook_loot_triangle, nicolae_eternal_life
D:12:     layout_irregular_city, david_orc_4, gauntlet_entry_generic,
          uniq_erolcha, uniq_snorg
D:13:     layout_basic, david_vaults_1, enter_trove_2, amethyst_killhole,
          elyvilon_altar_3, uniq_lodul
D:14:     layout_irregular_city, nicolae_dithmenos_the_darkroom
D:15:     hangedman_depths_entry_try_elsewhere_first, layout_cave_pods,
          serial_park_tiny_1, uniq_louise
Temple:   hellmonk_temple_divided_pantheon
Lair:1:   layout_long_grid, serial_bayou_shore_b
Lair:2:   dragon1_lemuel, layout_long_grid, minmay_shoals_entry_centaurs,
          uniq_gastronok, uniq_fannar, uniq_maggie, uniq_nergalle
Lair:3:   layout_gridlike, nicolae_spider_entry_non_spiders
Lair:4:   layout_roguey, gammafunk_ghost_ooze, grunt_megastairs_5
Lair:5:   minmay_lair_end_frog_pond, layout_layer_cave,
          minmay_slime_entry_oklob_open, nicolae_volcano_entry_vermiform
Shoals:1: layout_shoals, gammafunk_ghost_tricky_traps,
          nicolae_shoals_dead_sea_scrolls
Shoals:2: layout_shoals, uniq_aizul, uniq_polyphemus
Shoals:3: nicolae_shoals_offshore_bank_account, layout_shoals, serial_shops,
          shop, nicolae_shoals_square_sea_wall
Shoals:4: shoals_end_hellmonk_storm_palace [storm_palace_center_circular,
          storm_palace_corner_narrow, storm_palace_corner_pillars,
          storm_palace_corner_pillars, storm_palace_corner_grid]
Spider:1: layout_spider_delve, hangedman_spider_tarantella_strand
Spider:2: layout_cave_pods
Spider:3: layout_spider_delve
Spider:4: guppyfry_spider_rune
Orc:1:    layout_caves
Orc:2:    st_orc_rangers, layout_caves, mines1_david

Skill      XL: |  1  2  3  4  5  6  7  8  9 10 11 12 13 14 15 16 17 18 19 |
---------------+----------------------------------------------------------+-----
Dodging        | 2 3 4 5 8 9 14 15 | 15.0
Fighting       | 1 2 3 5 7 9 10 11 12 | 12.1
Armour         | 1 2 3 5 7 9 10 11 12 | 12.1
Stealth        | 3 |  3.0
Shields        | 1 2 3 4 8 13 15 | 15.0
Conjurations   | 4 5 6 |  6.0
Spellcasting   | 3 4 5 6 7 8 10 11 12 | 12.0
Necromancy     | 1 5 7 8 10 13 14 15 | 15.0
Earth Magic    | 4 11 13 14 15 17 | 17.0
Alchemy        | 1 5 |  5.8
Air Magic      | 1 3 |  3.5

Action                     |  1- 3 |  4- 6 |  7- 9 | 10-12 | 13-15 | 16-18 | 19-21 || total
---------------------------+-------+-------+-------+-------+-------+-------+-------++-------
  Melee: Dagger            |    95 |    44 |       |       |       |       |     9 ||   148
         Punch             |     1 |       |       |       |       |       |       ||     1
         Spear             |       |    48 |   194 |   563 |   655 |   590 |    73 ||  2123
         Flail             |       |       |       |       |    13 |       |       ||    13
         Mace              |       |       |       |       |       |    17 |       ||    17
         Trident           |       |       |       |       |       |    14 |    22 ||    36
         Cutlass           |       |       |       |       |       |     8 |       ||     8
   Fire: Orcbow            |       |       |       |     3 |    28 |       |       ||    31
         Shortbow          |       |       |       |       |    63 |   152 |    52 ||   267
  Throw: Dart              |       |       |       |       |     5 |       |       ||     5
   Cast: Magic Dart        |    25 |     7 |    20 |    50 |     9 |    10 |       ||   121
         Searing Ray       |     3 |    12 |    45 |   147 |    12 |    30 |       ||   249
         Borgnjor's Vile C |       |       |       |    33 |   271 |   437 |    81 ||   822
         Sublimation of Bl |       |       |       |     3 |    30 |   116 |    19 ||   168
         Cigotuvi's Dreadf |       |       |       |       |     2 |       |       ||     2
         Mephitic Cloud    |       |       |       |       |       |     7 |       ||     7
         Dispel Undead     |       |       |       |       |       |     1 |       ||     1
 Invoke: Renounce Religion |       |       |       |     1 |       |       |       ||     1
         Potion Petition   |       |       |       |       |     5 |     1 |       ||     6
Ability: Dig               |       |       |       |     7 |     8 |     2 |       ||    17
  Evoke: Wand              |       |       |       |     7 |       |       |       ||     7
    Use: Scroll            |       |       |     7 |     3 |     6 |    11 |     3 ||    30
         Potion            |       |       |       |     3 |    11 |     7 |       ||    21
   Stab: Sleeping          |     2 |     9 |     3 |     4 |     2 |       |       ||    20
         Distracted        |       |       |     1 |     1 |     3 |       |       ||     5
         Confused          |       |       |       |       |       |     2 |       ||     2
 Armour: Robe              |    28 |    21 |    99 |   341 |   513 |   753 |   107 ||  1862
         Skin              |       |       |       |       |    51 |       |       ||    51
  Dodge: Dodged            |    85 |    68 |   187 |   818 |   617 |   464 |   151 ||  2390
  Block: Buckler           |       |    20 |   115 |   424 |   301 |    89 |       ||   949
         Tower shield      |       |       |       |       |       |   797 |   241 ||  1038
